 Dungeon Crawl Stone Soup version 0.27.0-1-g7a089689b8 (webtiles) character file.

Game seed: 9625388413793247530

4942 Spaninq the Destroyer (level 10, -3/74 HPs)
             Began as a Barachi Conjurer on July 31, 2021.
             Was an Elder of Qazlal.
             Slain by a skeletal warrior (4 damage)
             ... led by a skeletal warrior
             ... on level 8 of the Dungeon.
             The game lasted 00:37:43 (10898 turns).

Spaninq the Destroyer (Barachi Conjurer)           Turns: 10898, Time: 00:37:44

Health: -3/74      AC: 13    Str:  9    XL:     10   Next: 52%
Magic:  9/19       EV:  9    Int: 21    God:    Qazlal [****..]
Gold:   451        SH:  5    Dex: 11    Spells: 18/21 levels left

rFire    + . .     SeeInvis .   n - +5 scythe "Finisher" {speed, eviscerate}
rCold    + . .     Faith    .   (shield currently unavailable)
rNeg     . . .     Spirit   .   w - +2 scale mail {rC+}
rPois    .         Reflect  .   x - +0 helmet
rElec    .         Harm     .   v - scarf {shadows}
rCorr    .         Rampage  .   d - +1 pair of gloves
Will     .....                  l - +0 pair of boots
Stlth    ..........             u - amulet of regeneration
HPRegen  1.22/turn              j - ring of protection from fire
MPRegen  0.16/turn              s - +4 ring of slaying

@: repel missiles, slow
A: amphibious, slowness 1, strong legs 1, +LOS
a: Hop, Renounce Religion, Upheaval, Elemental Force


You were on level 8 of the Dungeon.
You worshipped Qazlal.
Qazlal was greatly pleased with you.
You visited 2 branches of the dungeon, and saw 9 of its levels.

You collected 488 gold pieces.
You spent 37 gold pieces at shops.

Inventory:

Hand Weapons
 n - the +5 scythe "Finisher" (weapon) {speed, eviscerate}
   (You found it on level 5 of the Dungeon)

   Attacks with this weapon are significantly faster.
   It may eviscerate those it strikes, slaying them instantly, with a decreasing
   chance against stronger foes.
Armour
 d - a +1 pair of gloves (worn)
 l - a +0 pair of boots (worn)
 v - a scarf of shadows (worn)
 w - a +2 scale mail of cold resistance (worn)
 x - a +0 helmet (worn)
Jewellery
 j - a ring of protection from fire (left hand)
 m - a ring of ice
 s - a +4 ring of slaying (right hand)
 u - an amulet of regeneration (around neck)
Wands
 g - a wand of flame (80)
 o - a wand of mindburst (10)
Scrolls
 c - 2 scrolls of identify
 e - 2 scrolls of teleportation
 i - 3 scrolls of magic mapping
 r - a scroll of blinking
Potions
 a - 2 potions of attraction {unknown}
 b - a potion of heal wounds
 f - a potion of cancellation {unknown}
 h - 2 potions of mutation {unknown}
 k - a potion of degeneration {unknown}
 p - a potion of berserk rage {unknown}
 q - 2 potions of curing


   Skills:
 + Level 5.4 Fighting
 * Level 6.6 Polearms
 + Level 3.5 Armour
 + Level 4.1 Dodging
 - Level 1.7 Stealth
 - Level 6.0 Spellcasting
 - Level 10.0 Conjurations
 - Level 6.0 Invocations


You had 18 spell levels left.
You knew the following spells:

 Your Spells              Type           Power      Damage    Failure   Level
a - Magic Dart            Conj           100%       1d8       1%          1
b - Searing Ray           Conj           96%        3d7       1%          2

Your spell library contained the following spells:

 Spells                   Type           Power      Damage    Failure   Level
 Dazzling Flash           Conj/Hex       54%        N/A       26%         3
 Mephitic Cloud           Conj/Pois/Air  20%        N/A       47%         3
 Animate Skeleton         Necr           12%        N/A       56%         1
 Pain                     Necr           24%        1d5       56%         1
 Fulminant Prism          Conj/Hex       13%        3d9       65%         4
 Iskenderun's Mystic Bla  Conj/Tloc      27%        2d7       65%         4
 Call Imp                 Summ           6%         N/A       71%         2
 Vampiric Draining        Necr           3%         2d6       91%         3
 Cause Fear               Hex            3%         N/A       100%        4
 Dragon Form              Tmut           3%         N/A       100%        7
 Dragon's Call            Summ           3%         N/A       100%        9


Dungeon Overview and Level Annotations

Branches:
Dungeon (8/15)             Temple (1/1) D:4
   Lair: D:8-11

Altars:
Ashenzari
Cheibriados
Dithmenos
Elyvilon
Fedhas
Gozag
Hepliaklqana
Makhleb
Okawaru
Qazlal
Ru
Trog
Uskayaw
Vehumet
Wu Jian
Xom
Yredelemnul
Zin
The Shining One

Shops:
D:3 !   D:7 *

Annotations:
D:5 3 runed translucent doors, Ekaitz's ghost, novice DsFE
D:6 2 transporters


Innate Abilities, Weirdness & Mutations

You are amphibious.
You cover ground slowly.
You can hop short distances.
You have an extended range of vision and can be seen from far away.


Message History

You block the skeletal warrior's attack.
The skeletal warrior hits you from afar with a +0 halberd.
You see here a +0 club.
The skeletal warrior is struck by lightning.
Casting: Searing Ray (safe; 1% risk of failure)
Confirm with . or Enter, or press ? or * to list all spells.
Aiming: Searing Ray (safe; 1% risk of failure)
Press: ? - help, Shift-Dir - straight line, f - skeletal warrior
Aim: a skeletal warrior, wielding a +0 long sword (lightly damaged, 83% to hit)
The searing ray hits the skeletal warrior!
The skeletal warrior is lightly damaged.
The searing ray hits the skeletal warrior.
The skeletal warrior is lightly damaged. (Press . to maintain the ray.)
The skeletal warrior hits you with a +0 hand axe!
The searing ray hits the skeletal warrior but does no damage.
The skeletal warrior is lightly damaged.
The searing ray misses the skeletal warrior.
The skeletal warrior hits you but does no damage.
The searing ray hits the skeletal warrior but does no damage.
The skeletal warrior is lightly damaged.
The searing ray hits the skeletal warrior.
The skeletal warrior is moderately damaged.
The skeletal warrior hits you with a +0 hand axe!
The searing ray hits the skeletal warrior!
The skeletal warrior is moderately damaged.
The searing ray hits the skeletal warrior!
The skeletal warrior is heavily damaged.
You finish channeling your searing ray.
The skeletal warrior hits you with a +0 hand axe!
* * * LOW HITPOINT WARNING * * *
The skeletal warrior hits you but does no damage.
The skeletal warrior hits you from afar with a +0 halberd!
* * * LOW HITPOINT WARNING * * *
The skeletal warrior hits you but does no damage.
The skeletal warrior is engulfed in blazing flames.
The skeletal warrior hits you with a +0 hand axe!
* * * LOW HITPOINT WARNING * * *
The skeletal warrior hits you from afar with a +0 halberd.
You die...

#......)..# $...
#..<$...... ...
..........§.).. # ...
..........§))#..# .. .
.......$.##))##.#.#
.....###..)....... ..
..#.# ###)...###.# #. . ..
##○.)......# #.# ##
#.@.##..##.# #.. ###§z.#
.... ##..
#####..z°####.....
...z#####.....z##.........
.......).)...°°..........#
.....####.)###...........)
.......))[.z....#####....
.....####<.###### .##
.....# #### #


You could see 3 skeletal warriors.

Vanquished Creatures
  A skeletal warrior (D:7)
  A hornet (D:7)
  Grinder (D:4)
  A wraith (D:7)
  A steam dragon (D:4)
  Edmund (D:4)
  An acid dragon (D:7)
  2 ogres (D:7)
  3 orc warriors
  2 necrophages
  A black bear (D:6)
  2 ice beasts
  2 centaurs
  3 phantoms
  3 kobold brigands
  2 gnoll sergeants
  2 bullfrogs
  3 killer bees (D:7)
  10 wights
  A crimson imp (D:6)
  2 bullfrog zombies
  A centaur zombie (D:5)
  3 bullfrog skeletons
  3 hounds
  A centaur skeleton (D:7)
  A jelly (D:5)
  4 orc priests
  Ijyb (D:5)
  2 iguanas
  10 orc wizards
  A killer bee zombie (D:8)
  10 gnolls
  A howler monkey skeleton (D:4)
  7 adders
  2 shadow imps (D:7)
  A white imp (D:7)
  An ufetubus (D:4)
  2 adder skeletons (D:4)
  A dart slug (D:5)
  34 orcs
  4 bats
  5 endoplasms
  10 goblins
  7 hobgoblins
  3 jackals (D:1)
  4 quokkas
  5 ball pythons
  4 frilled lizards
  18 kobolds
  14 rats
205 creatures vanquished.

Vanquished Creatures (collateral kills)
  A centaur (D:8)
  A wight (D:8)
  2 orc wizards (D:8)
  3 orcs (D:8)
  2 kobolds (D:8)
9 creatures vanquished.

Vanquished Creatures (others)
  A plant (D:1)
1 creature vanquished.

Grand Total: 215 creatures vanquished

Notes
Turn   | Place    | Note
-------+----------+-------------------------------------------
     0 | D:1      | Spaninq the Barachi Conjurer began the quest for the Orb.
     0 | D:1      | Reached XP level 1. HP: 13/13 MP: 3/3
   352 | D:1      | Reached XP level 2. HP: 19/19 MP: 3/5
   355 | D:1      | Learned a level 2 spell: Searing Ray
   518 | D:1      | Found a faded altar of an unknown god.
   543 | D:1      | Became a worshipper of Qazlal Stormbringer
   543 | D:1      | Reached * piety under Qazlal
   574 | D:1      | Reached skill level 5 in Conjurations
   669 | D:1      | Reached XP level 3. HP: 24/24 MP: 2/7
  1817 | D:2      | Found a white marble altar of Elyvilon.
  2031 | D:2      | Reached ** piety under Qazlal
  2259 | D:3      | Found a broken altar of Ashenzari.
  2387 | D:3      | Reached XP level 4. HP: 30/30 MP: 2/8
  3019 | D:3      | Found Cejich's Distillery.
  3590 | D:4      | Found a staircase to the Ecumenical Temple.
  3597 | Temple   | Entered the Ecumenical Temple
  4006 | D:4      | Noticed a phantom
  4020 | D:4      | Killed a phantom
  4021 | D:4      | Reached skill level 6 in Conjurations
  4021 | D:4      | Reached skill level 1 in Invocations
  4021 | D:4      | Reached XP level 5. HP: 35/35 MP: 3/10
  4104 | D:4      | Noticed a steam dragon
  4106 | D:4      | Noticed a phantom
  4139 | D:4      | Killed a steam dragon
  4140 | D:4      | Reached XP level 6. HP: 33/41 MP: 2/11
  4273 | D:4      | Reached skill level 7 in Conjurations
  4314 | D:4      | Noticed Grinder
  4347 | D:4      | Paralysed by Grinder for 5 turns
  4458 | D:4      | Killed Grinder
  4459 | D:4      | Reached XP level 7. HP: 36/46 MP: 9/13
  4640 | D:4      | Reached *** piety under Qazlal
  4822 | D:4      | Noticed Edmund
  4918 | D:3      | Reached skill level 8 in Conjurations
  5200 | D:4      | Killed Edmund
  5358 | D:4      | Found a hide-covered altar of Uskayaw.
  5382 | D:5      | Entered Level 5 of the Dungeon
  5415 | D:4      | Reached XP level 8. HP: 34/52 MP: 10/15
  5608 | D:4      | Reached skill level 5 in Spellcasting
  6032 | D:5      | Reached skill level 9 in Conjurations
  6585 | D:5      | Found a white marble altar of Elyvilon.
  6653 | D:5      | Noticed Ekaitz's ghost (novice DsFE)
  6661 | D:5      | Found a runed translucent gate.
  6661 | D:5      | Found a runed translucent gate.
  6661 | D:5      | Found a runed translucent gate.
  6680 | D:5      | Noticed Ijyb
  6686 | D:5      | Killed Ijyb
  6754 | D:5      | Found a hazy altar of Hepliaklqana.
  6805 | D:5      | Found the +5 scythe "Finisher" {speed, eviscerate}
  6817 | D:5      | Reached XP level 9. HP: 51/57 MP: 13/18
  7022 | D:5      | Found a blossoming altar of Fedhas.
  7419 | D:6      | Reached skill level 1 in Fighting
  7419 | D:6      | Reached skill level 1 in Polearms
  7423 | D:6      | Reached skill level 10 in Conjurations
  7960 | D:6      | Found a transporter.
  8340 | D:6      | Found a transporter.
  8658 | D:6      | Reached **** piety under Qazlal
  8742 | D:6      | Reached skill level 5 in Invocations
  9041 | D:6      | Found a burning altar of Makhleb.
  9044 | D:6      | Found a radiant altar of Vehumet.
  9500 | D:7      | Reached skill level 5 in Polearms
  9577 | D:7      | Reached skill level 1 in Armour
  9611 | D:7      | Identified a scroll of acquirement
  9611 | D:7      | Acquired a book of Minor Magic
  9679 | D:7      | Found Teit's CLEARANCE SALE! EVERYTHING MUST GO!.
  9684 | D:7      | Bought a potion of curing for 15 gold pieces
  9684 | D:7      | Bought a +0 helmet for 22 gold pieces
  9708 | D:7      | Noticed a hornet
  9713 | D:7      | Paralysed by a hornet for 3 turns
  9721 | D:7      | Killed a hornet
  9722 | D:7      | Reached XP level 10. HP: 44/73 MP: 14/19
 10448 | D:8      | Noticed a skeletal warrior
 10448 | D:8      | Noticed a skeletal warrior
 10448 | D:8      | Noticed a skeletal warrior
 10448 | D:8      | Noticed a skeletal warrior
 10448 | D:8      | Noticed a skeletal warrior
 10599 | D:7      | Killed a skeletal warrior
 10600 | D:7      | Reached skill level 5 in Fighting
 10898 | D:8      | HP: 1/74 [skeletal warrior (17)]
 10898 | D:8      | Slain by a skeletal warrior

Illustrated notes

Levels and vault maps discovered:
D:1:      sevenhm_arrival_forest_fort_large_1, layout_loops_ring,
          shapermc_ecumenical_altar_mp_urbaneastern, minmay_vboxes
D:2:      minmay_kobold_bridge, layout_loops_ring, basic_altar, minivault_24
D:3:      layout_loops_ring, nicolae_ashenzari_panopticon, serial_shops, shop,
          grunt_ministairs_10
D:4:      layout_cave_pools, nicolae_uskayaw_suspiria,
          minmay_temple_entry_junction, uniq_edmund, uniq_grinder
D:5:      layout_rooms, fedhas_altar_1, elyvilon_altar_1,
          mainiacjoe_overflow_concentric_impassable, gammafunk_ghost_split,
          uniq_ijyb
D:6:      gammafunk_steamed_eel, layout_gridville,
          grunt_temple_overflow_lords_of_destruction
D:7:      layout_loops_corners, nicolae_shop_clearance
D:8:      layout_rooms, tgw_kikubaaqudgha, nemelex_diamond_rough_becter
Temple:   minmay_temple_forest_path

Skill      XL: |  1  2  3  4  5  6  7  8  9 10 |
---------------+-------------------------------+-----
Conjurations   | 5 6 7 8 9 10 | 10.0
Spellcasting   | 3 4 6 |  6.0
Invocations    | 1 2 3 4 5 6 |  6.0
Fighting       | 4 5 |  5.4
Polearms       | 5 6 |  6.6
Armour         | 1 3 |  3.5
Dodging        | 4 |  4.1
Stealth        | |  1.7

Action                   |  1- 3 |  4- 6 |  7- 9 | 10-12 || total
-------------------------+-------+-------+-------+-------++-------
Melee: Unarmed           |     2 |       |       |       ||     2
       Whip              |     8 |    13 |     3 |       ||    24
       Scythe            |       |       |    75 |    24 ||    99
 Cast: Magic Dart        |    38 |    39 |    52 |       ||   129
       Searing Ray       |    19 |    17 |    51 |    16 ||   103
Invok: Elemental Force   |       |       |       |     1 ||     1
 Abil: Hop               |     1 |     3 |     3 |       ||     7
  Use: Scroll            |       |       |     8 |     3 ||    11
       Potion            |       |       |     1 |       ||     1
Armor: Robe              |     6 |    10 |    32 |       ||    48
       Scale mail        |       |       |    21 |    31 ||    52
Dodge: Dodged            |    11 |    29 |   108 |    24 ||   172
       Repelled          |       |       |     1 |       ||     1
Block: Other             |       |     2 |    31 |    17 ||    50
